 Dungeon Crawl Stone Soup version 0.29-a0-551-gffc1d7fb78 (webtiles) character file.

Game seed: 9951137216908817388

14 Spectrina the Sneak (level 2, 0/18 HPs)
             Began as a Vampire Delver on June 5, 2022.
             Slain by a bat (1 damage)
             ... in a sewer.
             The game lasted 00:01:25 (150 turns).

Spectrina the Sneak (Vampire Delver)                 Turns: 150, Time: 00:01:26

Health: 0/18       AC:  3    Str: 11    XL:     2   Next: 27%
Magic:  2/2        EV: 12    Int: 12    God:
Gold:   0          SH:  0    Dex: 15    Spells: 1/1 levels left

rFire   . . .      SeeInvis +   a - +0 short sword
rCold   + + .      Faith    .   (no shield)
rNeg    + + +      Spirit   .   b - +0 leather armour
rPois   ∞          Reflect  .   (no helmet)
rElec   .          Harm     .   (no cloak)
rCorr   .          Rampage  .   (no gloves)
Will    .....                   (no boots)
Stlth   +++++.....              (no amulet)
HPRegen 0.00/turn               (no ring)
MPRegen 0.08/turn               (no ring)

@: bloodless, inhibited regen
A: bloodless, fangs 3, see invisible, vampiric 1
a: Revivify


You were in a sewer.
You visited 1 branch of the dungeon, and saw 1 of its levels.
You also visited: Sewer.

Inventory:

Hand Weapons
 a - a +0 short sword (weapon)
Armour
 b - a +0 leather armour (worn)
Wands
 g - a wand of digging (3)
Scrolls
 c - a scroll of fog
 d - a scroll of magic mapping
 e - a scroll of fear
Potions
 f - a potion of haste


   Skills:
 - Level 2.6 Fighting
 + Level 2.8 Short Blades
 - Level 2.1 Dodging
 + Level 7.7 Stealth


You had one spell level left.
You didn't know any spells.
Your spell library was empty.

Dungeon Overview and Level Annotations

Branches:
Dungeon (5/15)              Sewer (1/1)
 Temple: D:4-7

Altars:


Innate Abilities, Weirdness & Mutations

You do not regenerate when monsters are visible.
You are frail without blood (-20% HP).
You can heal yourself when you bite living creatures.
You are immune to poison.
You have razor-sharp teeth.
You have supernaturally acute eyesight. (SInv)
You are afflicted with vampirism.


Message History

The bat barely misses you.
You hit the bat.
The bat is heavily wounded.
The bat barely misses you. The bat hits you but does no damage.
You closely miss the bat.
The bat is heavily wounded.
The bat completely misses you. The bat completely misses you.
The bat completely misses you.
There is a gate leading back out of this place here.
You hit the bat. Your bite misses the bat.
The bat is severely wounded.
The bat hits you but does no damage. The bat completely misses you.
You hit the bat.
You kill the bat!
You enter the shallow water.
Moving in this stuff is going to be slow.
Unknown command.
A bat comes into view.
The bat hits you but does no damage. The bat misses you.
The bat barely misses you. x2
Unknown command.
The bat barely misses you.
You hit the bat.
The bat is heavily wounded.
The bat hits you but does no damage.
You closely miss the bat.
The bat is heavily wounded.
The bat hits you but does no damage. The bat closely misses you.
You barely miss the bat. The bat misses you.
The bat hits you but does no damage.
You barely miss the bat. The bat hits you but does no damage.
You hit the bat but do no damage. The bat closely misses you. The bat hits you.
* * * LOW HITPOINT WARNING * * *
You barely miss the bat. The bat hits you.
You die...

###############
.≈≈.≈.≈≈≈≈≈≈≈≈≈
≈≈≈≈≈≈b@≈≈≈≈≈≈≈
≈.≈.≈≈≈≈≈≈≈≈≈≈≈
#####≈≈w############
#≈≈≈# #####...##
#.≈≈####.##.....##
#≈≈≈≈≈≈w.........#
#≈≈≈≈≈...........#
#≈≈≈≈≈.####...†.∩#
#≈≈≈#### ###.∩###


You could see a worm and a bat.

Vanquished Creatures
  A worm (D:5)
  4 ball pythons
  A giant cockroach (D:5)
  A jackal (Sewer)
  2 bats (Sewer)
  3 rats (D:5)
12 creatures vanquished.

Notes
Turn   | Place    | Note
-------+----------+-------------------------------------------
     0 | D:5      | Spectrina the Vampire Delver began the quest for the Orb.
     0 | D:5      | Reached XP level 1. HP: 17/17 MP: 1/1
    57 | D:5      | Found a glowing drain.
    71 | D:5      | Reached XP level 2. HP: 7/18 MP: 2/2
    83 | Sewer    | Entered a sewer
   150 | Sewer    | Slain by a bat

Illustrated notes

Levels and vault maps discovered:
D:5:      layout_loops_ring, minmay_temple_entry_glass, portal_sewer_entry_e
Sewer:    sewer_fruit_machine

Action                   || total
-------------------------++-------
Melee: Short sword       ||    42
       Bite              ||     3
 Abil: Exsanguinate      ||     1
 Stab: Sleeping          ||     2
Armor: Leather armour    ||    13
Dodge: Dodged            ||    46

Table legend: (Time is in decaauts)
 A = Elapsed time spent in this place.
 B = Non-inter-level travel time spent in this place.
 C = Inter-level travel time spent in this place.
 D = Time resting spent in this place.
 E = Time spent auto-exploring this place.
 F = Levels seen in this place.
 G = Mean time per level.
                   A        B        C        D        E       F      G
               +--------+--------+--------+--------+--------+-----+--------+
         Total |    158 |    158 |      0 |      0 |      0 |   2 |   79.0 |
       Dungeon |     88 |     88 |      0 |      0 |      0 |   1 |   88.0 |
         Sewer |     70 |     70 |      0 |      0 |      0 |   1 |   70.0 |
               +--------+--------+--------+--------+--------+-----+--------+

Top non-repeatable levels by time:
     D:5: 88 daAuts
   Sewer: 70 daAuts
